 Dungeon Crawl Stone Soup version 0.31-a0-986-g5e6e4ef867 (webtiles) character file.

Game seed: 8327093415616990496

59196 mandarbmax the Brawler (level 14, -7/168 HPs)
             Began as a Troll Shapeshifter on Nov 11, 2023.
             Was the Champion of Okawaru.
             Mangled by a death yak (22 damage)
             ... on level 5 of the Lair of Beasts.
             The game lasted 00:45:34 (15917 turns).

mandarbmax the Brawler (Troll Shapeshifter)        Turns: 15917, Time: 00:45:35

Health: -7/168     AC:  9    Str: 35    XL:     14   Next: 52%
Magic:  0/17       EV: 15    Int:  6    God:    Okawaru [******]
Gold:   936        SH:  0    Dex: 15    Spells: 13/13 levels left

rFire   . .          .
                       - Unarmed
rCold   + + +        (shield currently unavailable)
rNeg    . . .        a - melded +0 animal skin
rPois   .            (helmet currently unavailable)
rElec   .            (cloak currently unavailable)
rCorr   .            (gloves unavailable)
SInv    +            (boots unavailable)
Will    ++++.        u - amulet of Nouxtuom {Spirit rC+ Will++ Str-3 Dex+3}
Stlth   +++          W - ring of Optimism {rC++ Str+4 Dex+3 SInv}
HPRegen 1.28/turn    p - ring of willpower
MPRegen 0.15/turn

%: guardian spirit
@: about to teleport, snake-form, heroic
A: constrict, boosted hp, large, unfitting armour, (claws 3), regeneration 1,
(shaggy fur 1), (tough skin 1)
a: Begin Untransformation, Renounce Religion, Heroism, Finesse, Duel


You were on level 5 of the Lair of Beasts.
You worshipped Okawaru.
Okawaru was exalted by your worship.
You were an enormous anaconda.
You visited 3 branches of the dungeon, and saw 18 of its levels.
You also visited: Sewer and Ossuary.

You collected 1078 gold pieces.
You spent 142 gold pieces at shops.

Inventory:

Missiles
 h - 8 boomerangs
 r - 62 poisoned darts (quivered)
 A - 8 curare-tipped darts
 K - 12 atropa-tipped darts
 M - 2 throwing nets
 Q - 6 darts of dispersal
 T - 14 large rocks
 Z - a silver javelin
Armour
 a - a +0 animal skin (melded)
 i - a +2 cloak
 H - a scarf of repulsion
 S - a +2 robe of fire resistance
 X - the +0 hat "Oda Foifawn" {-Cast rElec rCorr Slay+4}
   (Okawaru gifted it to you on level 12 of the Dungeon)

   Slay+4:    It affects your accuracy & damage with ranged weapons and melee
   (+4).
   rElec:     It insulates you from electricity.
   -Cast:     It prevents spellcasting.
   rCorr:     It protects you from acid and corrosion.
Jewellery
 f - a ring of resist corrosion
 p - a ring of willpower (right hand)
 u - the amulet of Nouxtuom (around neck) {Spirit rC+ Will++ Str-3 Dex+3}
   (You found it on level 9 of the Dungeon)

   [amulet of guardian spirit]

   Spirit:    It causes incoming damage to be divided between your reserves of
   health and magic.
   Str-3:     It affects your strength (-3).
   Dex+3:     It affects your dexterity (+3).
   rC+:       It protects you from cold.
   Will++:    It greatly increases your willpower.
 x - a ring of protection from fire
 N - a ring of see invisible
 W - the ring of Optimism (left hand) {rC++ Str+4 Dex+3 SInv}
   (You found it on level 12 of the Dungeon)

   [ring of see invisible]

   Str+4:     It affects your strength (+4).
   Dex+3:     It affects your dexterity (+3).
   rC++:      It greatly protects you from cold.
   SInv:      It lets you see invisible.
Talismans
 c - a beast talisman
 D - a serpent talisman (active)
Wands
 d - a wand of paralysis (27)
 m - a wand of flame (51)
 E - a wand of light (9)
 I - a wand of polymorph (9)
 L - a wand of roots (13)
 U - a wand of mindburst (14)
Scrolls
 e - a scroll of revelation
 j - 2 scrolls of noise
 o - 2 scrolls of fear
 t - 2 scrolls of torment
 v - a scroll of immolation
 y - 2 scrolls of blinking
 C - a scroll of vulnerability
 F - 4 scrolls of poison
 J - 4 scrolls of fog
 O - a scroll of teleportation
 P - a scroll of identify
 V - a scroll of butterflies
Potions
 b - a potion of ambrosia
 g - 3 potions of brilliance
 k - 2 potions of haste
 l - 3 potions of might
 n - 6 potions of enlightenment
 q - 3 potions of heal wounds
 s - 5 potions of attraction {unknown}
 w - a potion of magic
 z - 3 potions of mutation {unknown}
 B - 7 potions of curing
 G - 2 potions of invisibility
 R - 2 potions of lignification


   Skills:
 + Level 9.5(14.5) Fighting
 - Level 6.1(11.1) Throwing
 + Level 6.5(11.5) Dodging
 * Level 17.2(22.2) Unarmed Combat
 - Level 6.0 Invocations
 + Level 10.5 Shapeshifting


You had 13 spell levels left.
You didn't know any spells.
Your spell library contained the following spells:

 Spells                   Type           Power      Damage    Failure   Level
 Apportation              Tloc           0%         N/A       45%         1
 Sting                    Tmut/Pois      0%         1d3       45%         1
 Ensorcelled Hibernation  Hex/Ice        0%         N/A       58%         2
 Jinxbite                 Hex            0%         N/A       58%         2
 Passwall                 Tmut/Erth      0%         N/A       58%         2
 Poisonous Vapours        Pois/Air       0%         N/A       58%         2
 Dazzling Flash           Conj/Hex       0%         N/A       83%         3
 Mephitic Cloud           Conj/Pois/Air  0%         N/A       83%         3
 Swiftness                Air            0%         N/A       83%         3
 Volatile Blastmotes      Fire/Tloc      0%         2d10      83%         3
 Dimensional Bullseye     Hex/Tloc       0%         N/A       99%         4
 Fulminant Prism          Conj/Hex       0%         3d5       99%         4
 Iskenderun's Mystic Bla  Conj/Tloc      0%         2d3       99%         4
 Leda's Liquefaction      Hex/Erth       0%         N/A       99%         4
 Olgreb's Toxic Radiance  Pois           0%         N/A       99%         4
 Agony                    Necr           0%         N/A       100%        5
 Alistair's Intoxication  Tmut/Pois      0%         N/A       100%        5
 Borgnjor's Vile Clutch   Necr/Erth      0%         N/A       100%        5
 Freezing Cloud           Conj/Ice/Air   0%         6-21      100%        5
 Iskenderun's Battlesphe  Conj           0%         2d6       100%        5
 Lee's Rapid Deconstruct  Erth           0%         3d4*      100%        5
 Silence                  Hex/Air        0%         N/A       100%        5
 Bombard                  Conj/Erth      0%         9d1       100%        6
 Summon Small Mammal      Summ           Unusable   N/A       N/A         1
 Call Canine Familiar     Summ           Unusable   N/A       N/A         3
 Summon Guardian Golem    Hex/Summ       Unusable   N/A       N/A         3
 Tukima's Dance           Hex            Unusable   N/A       N/A         3
 Animate Dead             Necr           Unusable   N/A       N/A         4
 Death Channel            Necr           Unusable   N/A       N/A         6
 Spellforged Servitor     Conj/Summ      Unusable   N/A       N/A         7

Dungeon Overview and Level Annotations

Branches:
Dungeon (12/15)            Temple (1/1) D:7            Lair (5/5) D:9
 Shoals (0/4) Lair:3        Snake (0/4) Lair:2        Slime (0/5) Lair:4
    Orc (0/2) D:9           Sewer (visited)         Ossuary (visited)

Altars:
Ashenzari
Cheibriados
Dithmenos
Elyvilon
Fedhas
Gozag
Hepliaklqana
Kikubaaqudgha
Makhleb
Nemelex Xobeh
Okawaru
Qazlal
Ru
Sif Muna
Trog
Uskayaw
Vehumet
Wu Jian
Xom
Yredelemnul
Zin
The Shining One
Jiyva

Shops:
D:4 =**[

Annotations:
Lair:4 exclusion: oklob plant


Innate Abilities, Weirdness & Mutations

You are an enormous anaconda.
You have a powerful constriction melee attack.
Your maximum health is increased.
Your armour is entirely melded.
You are incapable of wielding weapons or throwing items.
You are too large for most types of armour.
((You have claws for hands.))
Your natural rate of healing is unusually fast.
((You are covered in fur. (AC +1)))
((You have tough skin. (AC +1)))


Message History

Unknown command.
Unknown command.
You gain the combat prowess of a mighty hero.
You constrict the manticore. The death yak closely misses you.
The yak gores you. The manticore misses you.
The manticore barely misses you. x2
Okay, then.
You lash the manticore!
The manticore is almost dead.
You constrict the manticore.
You kill the manticore!
Okawaru accepts your kill.
The death yak gores you but does no damage.
The yak misses you.
You crush the death yak!!! You grab the death yak.
The death yak is severely wounded.
You constrict the death yak. The yak gores you but does no damage.
The death yak gores you!
A yak comes into view.
The death yak gores you!! The yak gores you but does no damage.
Unknown command.
You completely miss the death yak.
The death yak is severely wounded.
You carefully extract the barbed spikes from your body.
You constrict the death yak, but do no damage.
Unknown command.
You lash the death yak!
The death yak is moderately wounded.
You constrict the death yak.
The death yak gores you but does no damage.
The death yak gores you!!
* * * LOW HITPOINT WARNING * * *
The yak misses you. The yak gores you.
* * * LOW HITPOINT WARNING * * *
A death yak comes into view.
As you read the scroll of teleportation, it crumbles to dust.
You feel strangely unstable.
You constrict the death yak. The yak completely misses you.
The death yak gores you!
* * * LOW HITPOINT WARNING * * *
The death yak gores you!!
You die...

##......###
##......##
##...###..#
##...#######
#...###.###
#..##.....##
##†.....#..P### Y#
#......##P...Y###..#
##....####..YSY†..#
##.### #Y###Y†.##
### #Y.# ##...#
#..## ..## ...# ..#
.... #.. Y##. ##. ..


You could see 3 death yaks and 2 yaks.

Vanquished Creatures
  Josephine (D:11)
  Erolcha (D:10)
  A hydra (Lair:2)
  The ghost of Danienth the Mimic, a novice TrSh of Trog (D:9)
  2 catoblepae (Lair:5)
  2 boulder beetles
  The ghost of lessens the Nimble, a novice GnGl of Qazlal (D:8)
  7 death yaks
  A skyshark (Lair:5)
  5 skeletal warriors
  A lindwurm (Lair:5)
  3 deep elf pyromancers
  A salamander (Lair:2)
  An ugly thing (D:12)
  9 elephants
  2 manticores
  3 black mambas
  A cyclops (D:12)
  3 slime creatures (D:12)
  3 gargoyles (D:12)
  A merfolk siren (Lair:3)
  Psyche (D:11)
  9 cane toads
  A kobold demonologist (D:8)
  8 komodo dragons
  An unseen horror (D:12)
  A tengu conjurer (D:12)
  A queen bee (D:9)
  A polar bear (Lair:1)
  2 polar bears (shapeshifter) (D:12)
  9 trolls
  3 merfolk (Lair:3)
  3 hornets
  25 blink frogs
  12 dream sheep
  A shadow (D:12)
  45 yaks
  6 wraiths
  5 wyverns
  A steam dragon (D:6)
  8 basilisks
  Eustachio (D:4)
  5 vampire mosquitoes (D:12)
  Edmund (D:4)
  2 acid dragons
  10 water moccasins
  3 ice beasts
  3 black bears
  8 orc warriors
  30 wolves
  2 ogres
  5 centaurs
  A phantom (D:6)
  15 kobold brigands
  4 bullfrogs
  3 scorpions
  3 gnoll sergeants
  13 wights
  12 killer bees (D:9)
  3 howler monkeys
  6 electric eels
  2 jellies (Lair:4)
  3 lava snakes (Lair:2)
  9 orc priests
  Jessica (D:2)
  Ijyb (D:4)
  Terence (D:3)
  20 orc wizards
  5 hell rats (Lair:3)
  A mummy (Ossuary)
  Robin (D:2)
  22 gnolls
  9 adders
  A river rat (Sewer)
  A shadow imp (D:6)
  A white imp (D:6)
  4 ufetubi
  A worm zombie (D:6)
  4 worms
  4 dart slugs
  66 orcs
  5 spectral bats (Ossuary)
  8 ball pythons
  5 endoplasms
  8 giant cockroaches
  12 hobgoblins
  11 jackals
  29 kobolds
  A quokka (D:1)
  4 bats
  5 bat simulacra (Ossuary)
  3 frilled lizards
  12 gnoll zombies (Ossuary)
  9 goblins
  5 goblin simulacra (Ossuary)
  3 goblin zombies (Ossuary)
  9 hobgoblin zombies (Ossuary)
  A kobold simulacrum (Ossuary)
  4 kobold zombies (Ossuary)
  3 orc zombies
  9 rats
  2 rat simulacra (Ossuary)
  A spectral goblin (Ossuary)
  4 spectral kobolds (Ossuary)
  3 spectral rats (Ossuary)
636 creatures vanquished.

Vanquished Creatures (others)
  A vampire (D:9)
1 creature vanquished.

Grand Total: 637 creatures vanquished

Notes
Turn   | Place    | Note
-------+----------+-------------------------------------------
     0 | D:1      | mandarbmax the Troll Shapeshifter began the quest for the
                  | Orb.
     0 | D:1      | Reached XP level 1. HP: 18/18 MP: 0/0
    45 | D:1      | Reached skill level 1 in Fighting
    68 | D:1      | Reached XP level 2. HP: 24/27 MP: 1/1
   432 | D:2      | Found a burning altar of Makhleb.
   515 | D:2      | Reached XP level 3. HP: 33/33 MP: 2/2
   534 | D:2      | Found Ninita's Jewellery Shop.
   580 | D:2      | Reached skill level 4 in Unarmed Combat
   747 | D:2      | Noticed Robin
   755 | D:2      | Killed Robin
   814 | D:2      | Reached XP level 4. HP: 39/41 MP: 3/3
  1081 | D:2      | Noticed Jessica
  1091 | D:2      | Killed Jessica
  1092 | D:2      | Reached skill level 5 in Unarmed Combat
  1440 | D:3      | Reached XP level 5. HP: 48/48 MP: 4/4
  1559 | D:3      | Found a shimmering altar of Xom.
  1591 | D:3      | Noticed Terence
  1598 | D:3      | Killed Terence
  1752 | D:3      | Reached skill level 6 in Unarmed Combat
  1757 | D:3      | Found an opulent altar of Gozag.
  1757 | D:3      | Found a bloodstained altar of Trog.
  1823 | D:4      | Noticed Edmund
  1934 | D:4      | Killed Edmund
  1935 | D:4      | Reached XP level 6. HP: 28/55 MP: 5/5
  1960 | D:4      | Found Berhuq's Assorted Antiques.
  1971 | D:4      | Bought 2 fizzy pink potions for 46 gold pieces
  1971 | D:4      | Bought a scroll labelled EFALYS AKKIEDD for 26 gold pieces
  1971 | D:4      | Bought a scroll labelled KOHIYP LONNIS for 26 gold pieces
  1987 | D:4      | Found Lueriba's General Store.
  1990 | D:4      | Bought a scroll of immolation for 44 gold pieces
  2025 | D:4      | Noticed Eustachio
  2034 | D:4      | Killed Eustachio
  2035 | D:4      | Reached skill level 7 in Unarmed Combat
  2071 | D:4      | Reached XP level 7. HP: 54/62 MP: 6/6
  2082 | D:4      | Reached skill level 8 in Unarmed Combat
  2122 | D:4      | Found Pyphor's Jewellery Shop.
  2228 | D:4      | Noticed Ijyb
  2237 | D:4      | Killed Ijyb
  2629 | D:4      | Found Zisaqoif's Armour Shop.
  2744 | D:5      | Entered Level 5 of the Dungeon
  2850 | D:5      | Found a glowing drain.
  2889 | Sewer    | Entered a sewer
  2991 | Sewer    | Found a glowing silver altar of Zin.
  3220 | D:5      | You fall into a shaft and drop 2 floors!
  3291 | D:6      | Reached XP level 8. HP: 71/72 MP: 7/7
  3299 | D:6      | Reached skill level 9 in Unarmed Combat
  3304 | D:6      | Found a sand-covered staircase.
  3322 | Ossuary  | Entered an ossuary
  4121 | D:6      | Reached skill level 10 in Unarmed Combat
  4442 | D:6      | Reached skill level 5 in Shapeshifting
  4442 | D:6      | Reached XP level 9. HP: 63/84 MP: 8/8
  5008 | D:7      | Found a staircase to the Ecumenical Temple.
  5056 | Temple   | Entered the Ecumenical Temple
  5076 | Temple   | Became a worshipper of Warmaster Okawaru
  5326 | D:7      | Reached skill level 11 in Unarmed Combat
  5353 | D:7      | Found a radiant altar of Vehumet.
  6101 | D:8      | Found a runed translucent gate.
  6120 | D:8      | Reached * piety under Okawaru
  6350 | D:8      | Reached skill level 5 in Fighting
  6445 | D:8      | Found a runed translucent gate.
  6445 | D:8      | Found a runed translucent gate.
  6447 | D:8      | Noticed a kobold demonologist
  6447 | D:8      | Noticed lessens's ghost (novice GnGl)
  6583 | D:8      | Killed lessens's ghost
  6584 | D:8      | Reached skill level 12 in Unarmed Combat
  6584 | D:8      | Reached skill level 1 in Invocations
  6584 | D:8      | Reached XP level 10. HP: 38/96 MP: 6/9
  6697 | D:8      | Reached ** piety under Okawaru
  7218 | D:9      | Noticed a deep elf pyromancer
  7249 | D:9      | Reached skill level 1 in Throwing
  7259 | D:9      | Killed a deep elf pyromancer
  7275 | D:9      | Noticed Danienth's ghost (novice TrSh)
  7443 | D:9      | Found a staircase to the Orcish Mines.
  7455 | D:9      | Reached *** piety under Okawaru
  7524 | D:9      | Identified the amulet of Nouxtuom {Spirit rC+ Will++ Str-3
                  | Dex+3}
  7534 | D:9      | Found a staircase to the Lair.
  7590 | D:9      | Found a sacrificial altar of Ru.
  7652 | D:9      | Found a transporter.
  7806 | D:9      | Found a transporter.
  8081 | D:9      | Reached XP level 11. HP: 105/105 MP: 9/12
  8089 | D:9      | Killed Danienth's ghost
  8089 | D:9      | Reached **** piety under Okawaru
  8090 | D:9      | Reached skill level 13 in Unarmed Combat
  8170 | D:10     | Entered Level 10 of the Dungeon
  8489 | D:10     | Noticed Erolcha
  8499 | D:10     | Killed Erolcha
  8499 | D:10     | Reached ***** piety under Okawaru
  8813 | D:11     | Noticed Psyche
  8822 | D:11     | Killed Psyche
  8939 | D:11     | Noticed a boulder beetle
  8948 | D:11     | Killed a boulder beetle
  9200 | D:11     | Noticed Josephine
  9210 | D:11     | Killed Josephine
  9372 | D:11     | Noticed a skeletal warrior
  9384 | D:11     | Killed a skeletal warrior
  9385 | D:11     | Noticed a skeletal warrior
  9436 | D:11     | Killed a skeletal warrior
  9436 | D:11     | Received a gift from Okawaru
  9437 | D:11     | Reached skill level 14 in Unarmed Combat
  9623 | D:11     | Noticed a skeletal warrior
  9626 | D:11     | Noticed a skeletal warrior
  9631 | D:11     | Killed a skeletal warrior
  9639 | D:11     | Killed a skeletal warrior
  9640 | D:11     | Reached skill level 5 in Invocations
  9640 | D:11     | Reached XP level 12. HP: 58/118 MP: 6/14
 10215 | D:12     | Reached ****** piety under Okawaru
 10215 | D:12     | Received a gift from Okawaru
 10216 | D:12     | Reached skill level 5 in Throwing
 10227 | D:12     | Acquired a +2 heavy triple crossbow
 10227 | D:12     | Received a gift from Okawaru
 10228 | D:12     | Acquired the +0 hat "Oda Foifawn" {-Cast rElec rCorr
                  | Slay+4}
 10228 | D:12     | Received a gift from Okawaru
 10600 | D:12     | Identified the ring of Optimism {rC++ Str+4 Dex+3 SInv}
 10607 | D:12     | Noticed a boulder beetle
 10611 | D:12     | Killed a boulder beetle
 10642 | D:12     | Identified the +7 dagger of the Original Sin {pain, Int-3
                  | Dex+4}
 10716 | D:12     | Received a gift from Okawaru
 10806 | D:12     | Reached skill level 15 in Unarmed Combat
 11233 | Lair:1   | Entered Level 1 of the Lair of Beasts
 11300 | Lair:1   | Found a radiant altar of Vehumet.
 11365 | Lair:1   | Reached XP level 13. HP: 119/127 MP: 12/15
 11452 | Lair:1   | Received a gift from Okawaru
 12360 | Lair:2   | Found a staircase to the Snake Pit.
 12610 | Lair:2   | Received a gift from Okawaru
 13054 | Lair:2   | Reached skill level 5 in Dodging
 13061 | Lair:2   | Reached skill level 16 in Unarmed Combat
 13490 | Lair:3   | Received a gift from Okawaru
 13529 | Lair:3   | Found a staircase to the Shoals.
 13844 | Lair:3   | Received a gift from Okawaru
 14444 | Lair:4   | Found a viscous altar of Jiyva.
 14620 | Lair:4   | Reached skill level 10 in Shapeshifting
 14620 | Lair:4   | Reached XP level 14. HP: 137/137 MP: 17/17
 14853 | Lair:4   | Received a gift from Okawaru
 14914 | Lair:4   | Found a staircase to the Slime Pits.
 15449 | Lair:5   | Entered Level 5 of the Lair of Beasts
 15653 | Lair:5   | Reached skill level 17 in Unarmed Combat
 15830 | Lair:5   | Received a gift from Okawaru
 15917 | Lair:5   | Mangled by a death yak

Illustrated notes

Levels and vault maps discovered:
D:1:      dpeg_arrival_tiny_j, layout_rooms
D:2:      layout_basic, serial_shops, nicolae_shop_window_shopping, basic_altar,
          uniq_jessica, uniq_robin
D:3:      layout_basic, gammafunk_temple_overflow_elements, lemuel_round_altar,
          corexii_shack, uniq_terence
D:4:      layout_gridville, serial_shops, nicolae_stop_n_shop_2, shop, shop,
          kennysheep_mini, uniq_ijyb, uniq_edmund, uniq_eustachio
D:5:      layout_cave_pools, gup_sewer_entry_glass
D:6:      layout_basic, enter_ossuary_3, minmay_misc_feat_tower,
          chequers_serial_rivers_large_a
D:7:      layout_cave_pods, mainiacjoe_overflow_chevrons,
          minmay_temple_entry_offerings
D:8:      layout_basic, gammafunk_ghost_nasty_kobolds,
          chequers_serial_rivers_micro_c, roderic_lattice_a
D:9:      layout_long_grid, overflow_temple_1_default, dpeg_oklobed_lair,
          hiddenorc2_lemuel, gammafunk_ghost_hive
D:10:     layout_small_grid, kennysheep_generic_room_13, uniq_erolcha
D:11:     layout_roguey, dk_noncrumbling_4, uniq_josephine, uniq_psyche
D:12:     nicolae_hexawheel, layout_basic
Temple:   bh_familiar_temple
Lair:1:   layout_regular_city, basic_altar, ldierk_geyser, grunt_megastairs_1,
          lemuel_fruit_fields
Lair:2:   layout_gridlike, nicolae_snake_entry_warm_welcome,
          serial_bayou_shore_a, infiniplex_staircase_pool_2
Lair:3:   layout_chaotic_city, elwin_shoals_entry_stream
Lair:4:   layout_regular_city, slime_entry_2, minmay_lair_oklob_bushes,
          serial_bayou_lagoon_b
Lair:5:   evilmike_catoblepas_cave, layout_small_grid, lemuel_fruit_fields

Skill      XL: |  1  2  3  4  5  6  7  8  9 10 11 12 13 14 |
---------------+-------------------------------------------+-----
Fighting       | 1 2 3 5 6 7 8 9 |  9.5
Dodging        | 2 3 5 6 |  6.5
Unarmed Combat | 4 5 6 7 8 10 12 14 15 16 17 | 17.2
Shapeshifting  | 5 6 7 8 9 10 | 10.5
Invocations    | 1 3 5 6 |  6.0
Throwing       | 2 4 6 |  6.1

Action                     |  1- 3 |  4- 6 |  7- 9 | 10-12 | 13-15 || total
---------------------------+-------+-------+-------+-------+-------++-------
  Melee: Unarmed           |    90 |    98 |   445 |   517 |   473 ||  1623
         Punch             |       |     1 |    16 |    23 |       ||    40
         Constrict         |       |       |       |    52 |   108 ||   160
  Throw: Dart              |       |     4 |     6 |    17 |       ||    27
         Boomerang         |       |       |     1 |    16 |       ||    17
 Invoke: Heroism           |       |       |     1 |     1 |     2 ||     4
         Receive Weapon    |       |       |       |     1 |       ||     1
         Receive Armour    |       |       |       |     1 |       ||     1
  Evoke: Wand              |       |       |       |     6 |     4 ||    10
    Use: Scroll            |       |       |    18 |     4 |     5 ||    27
         Potion            |       |       |     2 |     6 |       ||     8
   Stab: Distracted        |       |       |       |       |     1 ||     1
         Petrified         |       |       |       |       |     1 ||     1
         Sleeping          |       |       |       |       |     1 ||     1
 Armour: Animal skin       |    57 |    47 |   277 |   158 |       ||   539
         Skin              |       |       |     9 |   239 |   369 ||   617
  Dodge: Dodged            |    36 |    33 |   180 |   208 |   230 ||   687
   Form: Anaconda          |       |       |       |     1 |       ||     1

Table legend: (Time is in decaauts)
 A = Elapsed time spent in this place.
 B = Non-inter-level travel time spent in this place.
 C = Inter-level travel time spent in this place.
 D = Time resting spent in this place.
 E = Time spent auto-exploring this place.
 F = Levels seen in this place.
 G = Mean time per level.
                   A        B        C        D        E       F      G
               +--------+--------+--------+--------+--------+-----+--------+
         Total |  15617 |  15023 |    594 |    633 |  11257 |  20 |  780.8 |
       Dungeon |  10587 |  10109 |    478 |    351 |   7612 |  12 |  882.2 |
        Temple |     39 |      1 |     38 |      0 |      0 |   1 |   39.0 |
          Lair |   4529 |   4451 |     78 |    282 |   3370 |   5 |  905.8 |
         Sewer |    140 |    140 |      0 |      0 |    104 |   1 |  140.0 |
       Ossuary |    320 |    320 |      0 |      0 |    171 |   1 |  320.0 |
               +--------+--------+--------+--------+--------+-----+--------+

Top non-repeatable levels by time:
    D:12: 1310 daAuts
     D:9: 1192 daAuts
  Lair:2: 1185 daAuts
     D:8: 1177 daAuts
  Lair:3: 1066 daAuts
    D:11: 1065 daAuts
     D:7: 1046 daAuts
     D:2: 1025 daAuts
     D:6: 973 daAuts
  Lair:1: 937 daAuts
  Lair:4: 899 daAuts
     D:4: 816 daAuts
    D:10: 584 daAuts
     D:5: 515 daAuts
     D:3: 462 daAuts
